AoeStats
← Juyhou

Black Forest

510164717Analyzed
4v4 RM · 3d ago on Sep 29, 2026· 43m 29s· 8 players
Game mode
Random Map
Map size
Large (8 player)
Population
200
Speed
Normal
Resources
Standard
Victory
Conquest
Starting age
Dark Age
Ending age
Imperial Age
RankedLock teamsTeams togetherTeam positionsShared explorationLock speedFull tech treeHidden civsTurbo modeCheats
Victory
Defeat
🇮🇹 Tatars · Italy
1797
+12
🇮🇹 Wei · Italy
1731
+15
🇮🇹 Vikings · Italy
1702
+16
🇮🇹 Bohemians · Italy
1690
+16
🇫🇮 Turks · Finland
1920
-23
🇫🇮 Saxons · Finland
1699
-15
🇫🇮 Teutons · Finland
1660
-13
🇫🇮 Ethiopians · Finland
1524
-8
Dasran
12:14 Feudal Age
13:13 Loom
16:05 Castle Age
15:18 Town Watch
16:03 Fletching
16:13 Padded Archer Armor
16:38 Gold Mining
16:46 Bodkin Arrow
16:44 Double-Bit Axe
16:46 Horse Collar
18:18 Crossbowman
23:30 Bow Saw
27:50 Wheelbarrow
32:10 Hand Cart
32:37 Squires
32:53 Leather Archer Armor
33:01 Ballistics
36:02 Imperial Age
36:05 Arbalester
36:51 Thumb Ring
36:48 Bracer
37:50 Chemistry
36:14 Capped Ram
37:01 Siege Engineers
38:18 Gold Shaft Mining
38:45 Two-Man Saw
37:55 Heavy Plow
38:15 Siege Ram
40:54 Ring Archer Armor
41:44 Conscription
Morso
1:19 Loom
11:17 Feudal Age
12:58 Double-Bit Axe
14:42 Stone Mining
20:13 Fletching
29:25 Castle Age
28:06 Horse Collar
29:13 Gold Mining
35:18 Wheelbarrow
36:23 Bow Saw
37:49 Heavy Plow
39:47 Bodkin Arrow
40:21 Hand Cart
40:46 Scale Mail Armor
43:30 Imperial Age
42:10 Scale Mail Armor
43:00 Forging
43:08 Chain Mail Armor
43:41 Forging
Shyles
2:41 Loom
8:56 Feudal Age
9:54 Man-at-Arms
11:40 Horse Collar
20:16 Castle Age
18:15 Double-Bit Axe
20:55 Wheelbarrow
22:29 Heavy Plow
23:10 Hand Cart
27:11 Town Watch
29:23 Town Patrol
29:51 Fortified Wall
30:43 Caravan
33:31 Imperial Age
31:45 Scale Mail Armor
31:55 Forging
32:46 Masonry
33:03 Squires
33:20 Chain Mail Armor
33:21 Arson
33:21 Gambesons
34:13 Iron Casting
34:44 Architecture
33:47 Shield Wall
35:11 Elite Varangian Guard
38:40 Elite Varangian Guard
39:58 Bow Saw
40:39 Plate Mail Armor
42:27 Pikeman
Juyhou
11:20 Feudal Age
11:54 Double-Bit Axe
14:53 Castle Age
12:43 Horse Collar
15:45 Bow Saw
16:00 Heavy Plow
22:17 Wheelbarrow
22:42 Scale Barding Armor
23:16 Bloodlines
24:05 Chain Barding Armor
25:25 Forging
25:39 Husbandry
27:02 Iron Casting
27:19 Hand Cart
26:49 Loom
31:19 Imperial Age
29:32 Fletching
29:34 Gold Mining
29:36 Stone Mining
31:28 Bodkin Arrow
32:20 Guilds
32:31 Ballistics
32:55 Plate Barding Armor
33:33 Blast Furnace
32:34 Bracer
33:06 Conscription
33:46 Artillery
34:15 Parthian Tactics
35:30 Padded Archer Armor
34:51 Heavy Cavalry Archer
35:52 Thumb Ring
36:10 Sipahi
36:49 Leather Archer Armor
37:09 Masonry
37:35 Hoardings
38:38 Ring Archer Armor
38:27 Heavy Camel Rider
Null
9:20 Feudal Age
9:20 Man-at-Arms
9:59 Loom
14:11 Horse Collar
22:04 Castle Age
20:31 Fletching
20:43 Padded Archer Armor
21:52 Gold Mining
21:53 Stone Mining
22:45 Bodkin Arrow
22:56 Double-Bit Axe
34:03 Imperial Age
32:28 Leather Archer Armor
33:18 Ballistics
33:20 Crossbowman
34:13 Heavy Plow
35:49 Chemistry
34:52 Bracer
42:33 Fortified Wall
Dott_Berlu
11:16 Feudal Age
15:00 Castle Age
13:13 Horse Collar
15:50 Double-Bit Axe
16:43 Bow Saw
19:19 Wheelbarrow
21:37 Hand Cart
21:40 Heavy Plow
22:51 Gold Mining
24:46 Gold Shaft Mining
24:00 Loom
26:05 Scale Barding Armor
28:41 Imperial Age
27:50 Chain Barding Armor
27:42 Forging
29:02 Iron Casting
28:39 Bloodlines
28:29 Husbandry
28:52 Heavy Hei Guang Cavalry
29:55 Conscription
31:08 Ming Guang Armor
31:49 Blast Furnace
31:32 Fletching
32:47 Masonry
33:40 Chemistry
33:02 Ballistics
33:32 Bodkin Arrow
34:19 Bracer
38:03 Hoardings
40:56 Caravan
Simvall
11:26 Feudal Age
15:26 Castle Age
13:08 Horse Collar
13:42 Double-Bit Axe
15:04 Loom
20:57 Bow Saw
22:24 Heavy Plow
23:03 Wheelbarrow
28:07 Hand Cart
30:49 Caravan
31:08 Gold Mining
39:00 Imperial Age
37:12 Bloodlines
37:02 Husbandry
37:08 Scale Barding Armor
38:34 Chain Barding Armor
39:12 Fortified Wall
39:15 Forging
39:09 Fletching
38:42 Light Cavalry
39:51 Heavy Camel Rider
40:02 Elite Steppe Lancer
41:25 Plate Barding Armor
41:26 Iron Casting
41:06 Silk Armor
41:11 Hussar
42:45 Crop Rotation
42:51 Conscription
44:23 Blast Furnace
43:28 Fletching
44:19 Masonry
GdR_Scugo
0:53 Loom
9:28 Feudal Age
18:03 Castle Age
16:31 Double-Bit Axe
20:06 Wheelbarrow
19:44 Bow Saw
20:13 Fervor
19:58 Horse Collar
29:17 Imperial Age
28:16 Chemistry
28:41 Heavy Plow
29:21 Houfnice
31:31 Conscription
31:22 Padded Archer Armor
31:51 Siege Engineers
35:00 Leather Archer Armor
36:59 Ring Archer Armor
40:25 Wagenburg Tactics
Connection lost

Rejoining the realm…

Still unreachable

The connection could not be restored.

Session expired

The server has moved on; the page needs a fresh start.